 Dungeon Crawl Stone Soup version 0.30-a0-737-gf23d94013f (webtiles) character file.

Game seed: 55760504656528450

1962 IdlyInterested the Cutter (level 9, -1/74 HPs)
             Began as a Demonspawn Fighter on Feb 2, 2023.
             Slain by a gnoll
             ... wielding a +0 flail
             ... led by a gnoll bouda
              (2 damage)
             ... on level 7 of the Dungeon.
             The game lasted 00:22:08 (3836 turns).

IdlyInterested the Cutter (Demonspawn Fighter)      Turns: 3836, Time: 00:22:09

Health: -1/74      AC: 17    Str: 22    XL:     9   Next: 0%
Magic:  11/11      EV:  8    Int: 15    God:
Gold:   184        SH: 20    Dex: 18    Spells: 10/10 levels left

rFire   + + .      SeeInvis .    p - +3 dagger of the Lurker {flame, rF++ Str+3}
rCold   . . .      Faith    .    y - +0 tower shield
rNeg    . . .      Spirit   .    t - +7 ring mail of Minui {Str+3 Int+4}
rPois   .          Reflect  +    v - +0 helmet
rElec   .          Harm     .    o - +0 cloak {Stlth+}
rCorr   +          Rampage  .    (no gloves)
Will    +....                    m - +2 pair of boots
Stlth   +++                      e - amulet of reflection
HPRegen 0.32/turn                z - ring of resist corrosion
MPRegen 0.12/turn                (no ring)

@: lethally poisoned (-1 -> -13), weakened
A: foul stench 1, big brain 1, demonic magic 1, weakness stinger 2, high MP 1,
strong-willed 1, robust 1
a: no special abilities


You were on level 7 of the Dungeon.
You visited 1 branch of the dungeon, and saw 6 of its levels.

You collected 276 gold pieces.
You spent 92 gold pieces at shops.

Inventory:

Hand Weapons
 a - a +1 long sword
 h - a +1 rapier of distortion
 p - the +3 dagger of the Lurker (weapon) {flame, rF++ Str+3}
   (You found it on level 2 of the Dungeon)

   Str:       It affects your strength (+3).
   rF:        It greatly protects you from fire.
Missiles
 j - 24 stones (quivered)
 n - 5 boomerangs of dispersal
 q - 2 javelins
 C - 6 boomerangs
 G - 3 poisoned darts
Armour
 c - a +0 buckler
 g - a scarf of repulsion
 m - a +2 pair of boots (worn)
 o - a +0 cloak of stealth (worn)
 t - the +7 ring mail of Minui (worn) {Str+3 Int+4}
   (You found it on level 2 of the Dungeon)

   Str:       It affects your strength (+3).
   Int:       It affects your intelligence (+4).
 v - a +0 helmet (worn)
 y - a +0 tower shield (worn)
Jewellery
 e - an amulet of reflection (around neck)
 z - a ring of resist corrosion (left hand)
Wands
 d - a wand of flame (1)
 u - a wand of paralysis (2)
 x - a wand of quicksilver (4)
 E - a wand of polymorph (7)
Scrolls
 i - a scroll of immolation
 w - 3 scrolls of teleportation
 A - a scroll of torment {unknown}
Potions
 b - a potion of mutation
 f - 4 potions of heal wounds
 k - a potion of lignification
 l - 2 potions of attraction
 r - 3 potions of brilliance
 s - 2 potions of resistance
 B - a potion of cancellation
 D - 2 potions of curing


   Skills:
 - Level 5.0 Fighting
 * Level 6.0(6.6) Short Blades
 - Level 4.0(5.6) Long Blades
 - Level 1.0 Throwing
 - Level 2.6 Armour
 - Level 2.0 Dodging
 - Level 3.0 Stealth
 + Level 5.4 Shields
 - Level 1.0 Spellcasting
 - Level 3.0 Evocations


You had 10 spell levels left.
You didn't know any spells.
Your spell library contained the following spells:

 Spells                   Type           Power      Damage    Failure   Level
 Necrotise                Necr           0%         1d4       99%         1
 Ensorcelled Hibernation  Hex/Ice        0%         N/A       99%         2
 Passwall                 Tmut/Erth      0%         N/A       99%         2
 Call Canine Familiar     Summ           0%         N/A       100%        3
 Portal Projectile        Hex/Tloc       0%         N/A       100%        3
 Summon Guardian Golem    Hex/Summ       0%         N/A       100%        3
 Swiftness                Air            0%         N/A       100%        3
 Vampiric Draining        Necr           0%         2d6       100%        3
 Leda's Liquefaction      Hex/Erth       0%         N/A       100%        4
 Agony                    Necr           0%         N/A       100%        5
 Orb of Destruction       Conj           0%         9d5       100%        7
 Spellforged Servitor     Conj/Summ      0%         N/A       100%        7


Dungeon Overview and Level Annotations

Branches:
Dungeon (5/15)
 Temple: D:4-7

Altars:
Ashenzari
Cheibriados
Makhleb

Shops:
D:2 [   D:4 *

Portals:
Abyss: D:3


Innate Abilities, Weirdness & Mutations

You may rarely emit foul miasma when damaged in melee.
You have an unusually large brain. (Int +2)
Spells you cast may paralyse adjacent enemies.
You have a tail ending in a sharp stinger.
You have an increased reservoir of magic. (+10% MP)
You are strong-willed. (Will+)
You are robust. (+10% HP)


Message History

The gnoll attacks as you move away! The gnoll hits you but does no damage.
The gnoll attacks as you move away! The gnoll closely misses you.
* * * LOW HITPOINT WARNING * * *
You feel very sick.
The water moccasin barely misses you. x2
The orc priest invokes the aid of Beogh against you.
Beogh smites you!
* * * LOW HITPOINT WARNING * * *
You barely miss the gnoll.
* * * LOW HITPOINT WARNING * * *
You feel very sick.
The water moccasin bites you but does no damage.
The gnoll hits you but does no damage.
You hit the gnoll. You burn the gnoll.
Your tail-slap misses the gnoll.
The gnoll is moderately wounded.
You feel very sick.
The water moccasin completely misses you.
The gnoll hits you but does no damage. The water moccasin bites you.
* * * LOW HITPOINT WARNING * * *
You are lethally poisoned!
The water moccasin poisons you!
* * * LOW HITPOINT WARNING * * *
You feel very sick.
The gnoll is no longer moving quickly.
The water moccasin barely misses you. The gnoll barely misses you.
The orc priest calls down the wrath of Beogh upon you.
Beogh smites you!
* * * LOW HITPOINT WARNING * * *
The gnoll bouda barks out a call to the hunt!
The gnoll picks up the pace!
You hear a shout!
You hit the gnoll but do no damage. You tail-slap the gnoll.
The gnoll is heavily wounded.
You feel less invigorated.
You feel less confused.
* * * LOW HITPOINT WARNING * * *
You feel very sick.
The gnoll is no longer moving quickly. x2
You block the water moccasin's attack. The gnoll hits you with a +0 flail.
You die...

#.....###.##...#
...######.##...#
### ##...#....#
##.........#
#..........#
#........###
#....<...#
##........# #
#.@.......#
#...#Sg.......#
#.ooo.g.......#
.{.##g##.........
#


#gg #.......... ..g# ........... .#.# >......... . .. .......... .. ..........
You could see a water moccasin, a gnoll bouda, an orc priest, 5 gnolls and an
orc.

Vanquished Creatures
  A kobold demonologist (D:4)
  The ghost of cheesebisquit the Shooter, an amateur MiHu (D:3)
  Duvessa (D:4)
  2 ice beasts (D:5)
  Pargi (D:3)
  A black bear (D:5)
  A small abomination (D:3)
  A centaur (D:3)
  An ogre (D:4)
  A kobold brigand (D:3)
  A gnoll sergeant (D:4)
  Dowan (D:4)
  A crimson imp (D:3)
  A hound (D:4)
  A jelly (D:7)
  2 gnoll boudas
  An orc priest (D:4)
  An iguana (D:5)
  Ijyb (D:3)
  Natasha (thrice) (D:3)
  Terence (D:2)
  An orc wizard (D:3)
  Robin (D:4)
  8 gnolls (D:4)
  7 adders
  3 shadow imps (D:4)
  A white imp (D:3)
  An ufetubus (D:5)
  3 worms
  3 dart slugs
  7 orcs
  10 endoplasms
  6 giant cockroaches
  6 hobgoblins
  11 kobolds
  6 quokkas
  10 ball pythons
  8 bats
  3 frilled lizards (D:1)
  9 goblins
  9 rats
138 creatures vanquished.

Vanquished Creatures (others)
  4 fungi (D:3)
  6 plants
10 creatures vanquished.

Grand Total: 148 creatures vanquished

Notes
Turn   | Place    | Note
-------+----------+-------------------------------------------
     0 | D:1      | IdlyInterested the Demonspawn Fighter began the quest for
                  | the Orb.
     0 | D:1      | Reached XP level 1. HP: 18/18 MP: 1/1
   200 | D:1      | Reached skill level 1 in Dodging
   200 | D:1      | Gained mutation: You have a small tail. [demonic ancestry]
   200 | D:1      | Reached XP level 2. HP: 20/24 MP: 2/2
   451 | D:1      | Gained mutation: You have a tail ending in a sharp stinger.
                  | [demonic ancestry]
   451 | D:1      | Reached XP level 3. HP: 29/29 MP: 3/3
   607 | D:2      | Noticed Terence
   616 | D:2      | Killed Terence
   617 | D:2      | Gained mutation: You have an unusually large brain. (Int
                  | +2) [demonic ancestry]
   617 | D:2      | Reached XP level 4. HP: 11/35 MP: 4/4
   702 | D:2      | Identified the +3 dagger of the Lurker {flame, rF++ Str+3}
   766 | D:2      | Found Ytonit's Antique Armour Shoppe.
   819 | D:2      | Identified the +7 ring mail of Minui {Str+3 Int+4}
   953 | D:2      | Gained mutation: You are strong-willed. (Will+) [potion of
                  | mutation]
   953 | D:2      | Gained mutation: You have an increased reservoir of magic.
                  | (+10% MP) [potion of mutation]
   953 | D:2      | Gained mutation: You are robust. (+10% HP) [potion of
                  | mutation]
   998 | D:2      | Found a broken altar of Ashenzari.
  1228 | D:3      | Found a faded altar of an unknown god.
  1244 | D:3      | Noticed a centaur
  1251 | D:3      | Reached XP level 5. HP: 46/46 MP: 5/5
  1262 | D:3      | Noticed Natasha
  1269 | D:3      | Killed Natasha
  1274 | D:3      | Killed a centaur
  1389 | D:3      | Found a transporter.
  1389 | D:3      | Noticed Natasha
  1394 | D:3      | Killed Natasha
  1395 | D:3      | Gained mutation: Spells you cast may paralyse adjacent
                  | enemies. [demonic ancestry]
  1395 | D:3      | Reached XP level 6. HP: 52/52 MP: 6/6
  1406 | D:3      | Noticed Pargi
  1445 | D:3      | Killed Pargi
  1446 | D:3      | Reached skill level 1 in Short Blades
  1446 | D:3      | Reached skill level 1 in Throwing
  1465 | D:3      | Noticed Ijyb
  1475 | D:3      | Killed Ijyb
  1606 | D:3      | Noticed Natasha
  1619 | D:3      | Killed Natasha
  1733 | D:3      | Found a transporter.
  1763 | D:3      | Found a snail-covered altar of Cheibriados.
  2000 | D:3      | Found a burning altar of Makhleb.
  2148 | D:3      | Noticed cheesebisquit's ghost (amateur MiHu)
  2190 | D:3      | Found a one-way gate to the infinite horrors of the Abyss.
  2330 | D:3      | Reached skill level 2 in Short Blades
  2330 | D:3      | Reached skill level 1 in Evocations
  2330 | D:3      | Reached XP level 7. HP: 39/59 MP: 7/7
  2341 | D:3      | Killed cheesebisquit's ghost
  2361 | D:3      | Reached skill level 3 in Short Blades
  2361 | D:3      | Reached skill level 1 in Spellcasting
  2578 | D:4      | Reached skill level 1 in Stealth
  2598 | D:4      | Reached skill level 5 in Shields
  2638 | D:4      | Noticed Duvessa
  2642 | D:4      | Noticed Robin
  2647 | D:4      | Noticed Dowan
  2661 | D:4      | Killed Duvessa
  2680 | D:4      | Killed Robin
  2690 | D:4      | Killed Dowan
  2691 | D:4      | Gained mutation: You may rarely emit foul miasma when
                  | damaged in melee. [demonic ancestry]
  2691 | D:4      | Reached XP level 8. HP: 49/66 MP: 10/10
  2788 | D:4      | Found Nepnaf's Assorted Antiques.
  2812 | D:4      | Reached skill level 4 in Short Blades
  2817 | D:4      | Bought a scroll labelled SOITHUSTOS for 32 gold pieces
  2817 | D:4      | Bought a scroll labelled QUXTUE KASIVVA for 32 gold pieces
  2817 | D:4      | Bought an emerald potion for 28 gold pieces
  2876 | D:4      | Found a transporter.
  2879 | D:4      | Found a transporter.
  3255 | D:4      | Noticed a kobold demonologist
  3300 | D:4      | Noticed a rust devil
  3307 | D:4      | Noticed a smoke demon
  3308 | D:4      | Noticed a hellwing
  3310 | D:4      | Killed a kobold demonologist
  3311 | D:4      | Reached skill level 5 in Fighting
  3311 | D:4      | Reached skill level 5 in Short Blades
  3364 | D:5      | Entered Level 5 of the Dungeon
  3731 | D:5      | Reached skill level 6 in Short Blades
  3757 | D:5      | You fall into a shaft and drop 2 floors!
  3789 | D:7      | Reached XP level 9. HP: 73/74 MP: 11/11
  3835 | D:7      | HP: 1/74 [orc priest/divine providence (11)]
  3836 | D:7      | Slain by a gnoll

Illustrated notes

Levels and vault maps discovered:
D:1:      psy_arrival_dodecagon, layout_basic, minmay_tall_x
D:2:      layout_rooms, basic_altar, serial_shops, shop, uniq_terence
D:3:      layout_loops_ring, cheibrodos_worm_habitat,
          mainiacjoe_overflow_alcove_2, dreamdust_ecumenical_altar_grove,
          gammafunk_ghost_abyssal_escape, uniq_pargi, uniq_natasha, uniq_ijyb
D:4:      gammafunk_wand_slinger, layout_rooms, serial_shops,
          nicolae_square_shop, hangedman_decor_points, mrwooster_statue_mirror,
          uniq_duvessa, uniq_robin
D:5:      layout_basic, nzn_hepliaklqana_mist_gate,
          yredelemnul_forgotten_temple_becter, lemuel_coloured_pillars_altar,
          hangedman_minor_gate_pass
D:7:      layout_rooms, mainiacjoe_overflow_chevrons, serial_aquarium,
          aquarium_bridge_square [aquarium_subvault_bridge,
          aquarium_subvault_bridge, aquarium_subvault_bridge,
          aquarium_subvault_bridge], aquarium_window_fake,
          aquarium_window_corridor_3, aquarium_window_2, aquarium_view_2d

Skill      XL: |  1  2  3  4  5  6  7  8 |
---------------+-------------------------+-----
Long Blades    | 2 3 4 |  4.0
Dodging        | 1 2 |  2.0
Shields        | 3 4 5 |  5.4
Fighting       | 4 5 |  5.0
Short Blades   | 2 3 6 |  6.0
Throwing       | 1 |  1.0
Evocations     | 1 3 |  3.0
Spellcasting   | 1 |  1.0
Stealth        | 2 3 |  3.0
Armour         | |  2.6

Action                     |  1- 3 |  4- 6 |  7- 9 || total
---------------------------+-------+-------+-------++-------
  Melee: Long sword        |   118 |   147 |       ||   265
         Tailslap          |    10 |    27 |    38 ||    75
         Dagger            |       |    29 |   257 ||   286
  Throw: Stone             |     7 |     2 |     8 ||    17
         Javelin           |     2 |       |     4 ||     6
  Evoke: Wand              |       |       |    24 ||    24
    Use: Potion            |     1 |     3 |     3 ||     7
         Scroll            |       |     9 |     7 ||    16
   Stab: Paralysed         |       |       |     3 ||     3
         Sleeping          |       |       |     2 ||     2
         Distracted        |       |       |     1 ||     1
 Armour: Scale mail        |    46 |       |       ||    46
         Plate armour      |    38 |     9 |       ||    47
         Ring mail         |       |   103 |   125 ||   228
  Dodge: Dodged            |    70 |   101 |   129 ||   300
         Repelled          |       |     2 |     2 ||     4
  Block: Buckler           |    36 |    52 |    51 ||   139
         Tower shield      |       |       |    34 ||    34

Table legend: (Time is in decaauts)
 A = Elapsed time spent in this place.
 B = Non-inter-level travel time spent in this place.
 C = Inter-level travel time spent in this place.
 D = Time resting spent in this place.
 E = Time spent auto-exploring this place.
 F = Levels seen in this place.
 G = Mean time per level.
                   A        B        C        D        E       F      G
               +--------+--------+--------+--------+--------+-----+--------+
         Total |   3898 |   3476 |    422 |    389 |   1303 |   6 |  649.7 |
       Dungeon |   3898 |   3476 |    422 |    389 |   1303 |   6 |  649.7 |
               +--------+--------+--------+--------+--------+-----+--------+

Top non-repeatable levels by time:
     D:3: 1178 daAuts
     D:4: 844 daAuts
     D:2: 820 daAuts
     D:1: 663 daAuts
     D:5: 313 daAuts
     D:7: 78 daAuts
